 Dungeon Crawl Stone Soup version 0.28.0 (webtiles) character file.

Game seed: 7919822559858180891

1504 willcat the Covert (level 8, -2/52 HPs)
             Began as an Octopode Delver on Feb 7, 2022.
             Was an Initiate of Ashenzari.
             Slain by a killer bee zombie (6 damage)
             ... on level 6 of the Dungeon.
             The game lasted 00:06:52 (6674 turns).

willcat the Covert (Octopode Delver)                Turns: 6674, Time: 00:06:53

Health: -2/52      AC:  1    Str: 11    XL:     8   Next: 82%
Magic:  11/11      EV: 15    Int: 15    God:    Ashenzari [......]
Gold:   252        SH:  0    Dex: 13    Spells: 9/12 levels left

rFire   x . .      SeeInvis .   k - +1 dagger (venom)
rCold   + . .      Faith    .   (no shield)
rNeg    . . .      Spirit   .   (helmet restricted)
rPois   +          Reflect  .   (no amulet)
rElec   .          Harm     .   o - ring "Oracle of the Ether" {rPois, Cun, Bglg} (curse)
rCorr   .          Rampage  .   v - ring of ice
Will    .....                   (no ring)
Stlth   +++++.....              (no ring)
HPRegen 0.17/turn               (no ring)
MPRegen 0.12/turn               (no ring)
                                (no ring)
                                (no ring)

@: hasted, very quick
A: almost no armour, amphibious, 8 rings, camouflage 1, gelatinous body 1,
(nimble swimmer 1), tentacles
a: Renounce Religion, Curse Item, Shatter the Chains


You were on level 6 of the Dungeon.
You worshipped Ashenzari.
Ashenzari was noncommittal.
You visited 2 branches of the dungeon, and saw 7 of its levels.

You collected 252 gold pieces.

Inventory:

Hand Weapons
 k - a +1 dagger of venom (weapon)
Jewellery
 o - the cursed ring "Oracle of the Ether" (left tentacle) {rPois, Cun, Bglg}
   (You found it on level 4 of the Dungeon)

   [ring of poison resistance]

   rPois:     It protects you from poison.
   It has a curse which improves the following skills: Cunning: Dodging and
   Stealth.
   Beguiling: Conjurations, Hexes and Translocations.
 s - a ring of fire
 v - a ring of ice (right tentacle)
Wands
 f - a wand of digging (17)
 p - a wand of iceblast (2)
Scrolls
 b - a scroll of fog
 c - 2 scrolls of magic mapping
 d - a scroll of fear
 h - a scroll of torment {unknown}
 i - 2 scrolls of immolation {unknown}
 j - 2 scrolls of silence {unknown}
 l - 2 scrolls of enchant armour {unknown}
 m - 7 scrolls of identify {unknown}
 n - 2 scrolls of noise {unknown}
 q - a scroll of vulnerability {unknown}
Potions
 a - a potion of curing {unknown}
 e - a potion of haste
 g - a potion of flight
 r - a potion of berserk rage {unknown}
 t - a potion of brilliance
 u - 2 potions of lignification {unknown}


   Skills:
 - Level 3.0 Fighting
 + Level 5.2 Short Blades
 + Level 5.1(5.5) Dodging
 + Level 9.6(10.1) Stealth
 + Level 2.6 Spellcasting
 + Level 3.0(3.3) Conjurations
 + Level 3.0 Air Magic
 + Level 3.6 Poison Magic


You had 9 spell levels left.
You knew the following spells:

 Your Spells              Type           Power      Damage    Failure   Level
a - Mephitic Cloud        Conj/Pois/Air  12%        N/A       16%         3

Your spell library contained the following spells:

 Spells                   Type           Power      Damage    Failure   Level
 Ignite Poison            Fire/Tmut/Pois 5%         N/A       36%         3
 Iskenderun's Battlesphe  Conj           12%        2d7       82%         5
 Freezing Cloud           Conj/Ice/Air   6%         6-21      94%         5
 Iron Shot                Conj/Erth      3%         9d2       100%        6
 Spellforged Servitor     Conj/Summ      3%         N/A       100%        7


Dungeon Overview and Level Annotations

Branches:
Dungeon (6/15)             Temple (1/1) D:5

Altars:
Ashenzari
Dithmenos
Elyvilon
Hepliaklqana
Nemelex Xobeh
Ru
Trog
Xom
Yredelemnul
Zin
The Shining One

Shops:
D:5 [


Innate Abilities, Weirdness & Mutations

You cannot wear most types of armour.
You are amphibious.
You can wear up to eight rings at the same time.
Your skin changes colour to match your surroundings (Stealth+).
Your rubbery body absorbs attacks. (AC +1, EV +1)
((You are camouflaged when in or above water. (Stealth+)))
You have tentacles for arms and can constrict up to eight enemies at once.


Message History

Unknown command.
You hit the ice beast. Your squeeze misses the ice beast.
The ice beast is severely wounded.
Unknown command.
You hit the ice beast but do no damage.
The ice beast looks as sick as possible!
The ice beast is almost dead.
The ice beast misses you.
Unknown command.
You closely miss the ice beast. Your squeeze misses the ice beast.
The ice beast is almost dead.
The ice beast hits you. The ice beast freezes you! You resist.
Unknown command.
You kill the ice beast!
Your Conjurations skill increases to level 3!
Your Air Magic skill increases to level 3!
The killer bee zombie barely misses you.
The killer bee zombie misses you.
Found a great sword.
The killer bee zombie barely misses you.
The killer bee zombie closely misses you.
The killer bee zombie hits you. The killer bee zombie misses you.
You see here 12 gold pieces.
The killer bee zombie hits you!
* * * LOW HITPOINT WARNING * * *
The killer bee zombie hits you.
* * * LOW HITPOINT WARNING * * *
The centaur skeleton closely misses you.
The centaur skeleton misses you.
The killer bee zombie barely misses you.
Found a stone staircase leading down.
The killer bee zombie hits you.
* * * LOW HITPOINT WARNING * * *
The centaur skeleton barely misses you.
The centaur skeleton kicks you but does no damage.
The killer bee zombie hits you.
* * * LOW HITPOINT WARNING * * *
Okay, then.
You feel yourself speed up. The killer bee zombie hits you.
You die...

..........##'####.....#
#......Z...............
# ..###.........).......
.. #....#..##.......#..
...<....###.###.........
.....##.##..####........
.....####...#..#........
...>...##............#.#
.......@Z.....####O..###
...#....Z.....####....#
.....#.....O.$.##....###
.... ##................#
... #................##
#. ###......#.......# #
###..###.>....## ####
##.#...# ##......


You could see an ogre, a killer bee zombie and a centaur skeleton.

Vanquished Creatures
  Sigmund (D:3)
  An ice beast (D:6)
  A sky beast (D:5)
  A black bear (D:4)
  An ogre (D:4)
  A phantom (D:5)
  A bullfrog (D:6)
  2 water moccasin zombies
  2 scorpions
  4 hounds
  A bullfrog zombie (D:5)
  A centaur skeleton (D:5)
  A centaur zombie (D:5)
  Jessica (D:2)
  3 iguanas (D:6)
  Terence (D:2)
  A killer bee zombie (D:6)
  A hound skeleton (D:5)
  Robin (D:2)
  3 gnolls (D:2)
  9 adders
  A howler monkey skeleton (D:4)
  A shadow imp (D:6)
  A white imp (D:5)
  An ufetubus (D:5)
  4 worms
  2 dart slugs
  10 orcs
  6 ball pythons
  3 endoplasms
  2 giant cockroaches
  9 hobgoblins
  2 jackals (D:2)
  12 kobolds
  3 quokkas
  3 frilled lizards
  7 goblins
  6 rats
111 creatures vanquished.

Vanquished Creatures (others)
  2 plants (D:6)
2 creatures vanquished.

Grand Total: 113 creatures vanquished

Notes
Turn   | Place    | Note
-------+----------+-------------------------------------------
     0 | D:5      | willcat the Octopode Delver began the quest for the Orb.
     0 | D:5      | Reached XP level 1. HP: 16/16 MP: 1/1
     0 | D:5      | Found Jiubbaf's Armour Shop.
    42 | D:5      | Reached XP level 2. HP: 17/21 MP: 2/2
   109 | D:5      | Reached skill level 7 in Stealth
   109 | D:5      | Reached XP level 3. HP: 12/26 MP: 3/3
   298 | D:5      | Reached XP level 4. HP: 18/31 MP: 4/4
   644 | D:5      | Noticed a phantom
   693 | D:4      | Noticed a scorpion
   700 | D:4      | Killed a scorpion
   701 | D:4      | Reached XP level 5. HP: 36/36 MP: 5/5
   889 | D:4      | Reached skill level 8 in Stealth
   942 | D:4      | Learned a level 3 spell: Mephitic Cloud
  1031 | D:4      | Noticed a black bear
  1040 | D:4      | Killed a black bear
  1041 | D:4      | Reached XP level 6. HP: 31/42 MP: 6/6
  1284 | D:4      | Reached skill level 1 in Poison Magic
  1617 | D:4      | Reached XP level 7. HP: 46/46 MP: 6/8
  1800 | D:3      | Found a shadowy altar of Dithmenos.
  1875 | D:3      | Identified the +0 helmet of Uholyal {rN+ Str+4 Int-2
                  | Stlth+}
  1901 | D:3      | Reached skill level 1 in Air Magic
  1918 | D:3      | Reached skill level 1 in Spellcasting
  1918 | D:3      | Reached skill level 1 in Conjurations
  2406 | D:3      | Noticed Sigmund
  2412 | D:3      | Killed Sigmund
  2791 | D:5      | Reached skill level 9 in Stealth
  2803 | D:5      | Reached XP level 8. HP: 52/52 MP: 10/10
  3173 | D:5      | Found a staircase to the Ecumenical Temple.
  3370 | Temple   | Entered the Ecumenical Temple
  3559 | Temple   | Became a worshipper of Ashenzari the Shackled
  3945 | D:2      | Noticed Jessica
  3953 | D:2      | Noticed Robin
  4097 | D:2      | Killed Jessica
  4305 | D:2      | Killed Robin
  4390 | D:2      | Noticed Terence
  4397 | D:2      | Killed Terence
  5394 | D:1      | Found a faded altar of an unknown god.
  6342 | D:6      | Reached skill level 5 in Short Blades
  6651 | D:6      | Reached skill level 5 in Dodging
  6674 | D:6      | Slain by a killer bee zombie

Illustrated notes

Levels and vault maps discovered:
D:1:      amcnicky_arrival_abandoned_market, layout_basic,
          shapermc_ecumenical_altar_starsandcircs
D:2:      layout_basic, uniq_terence, uniq_robin, uniq_jessica
D:3:      layout_basic, mainiacjoe_overflow_cross_hatched, nrook_loot_triangle,
          uniq_sigmund
D:4:      layout_loops_ring
D:5:      layout_basic, minmay_temple_entry_fiery, serial_shops, shop
D:6:      corexii_shantytown, layout_cave_pools, nicolae_overflow_hidden_temple,
          tgw_sif, makhleb_altar_promises_db
Temple:   jpeg_temple_alley_garden

Skill      XL: |  1  2  3  4  5  6  7  8 |
---------------+-------------------------+-----
Stealth        | 7 8 9 |  9.6
Short Blades   | 3 4 5 |  5.2
Dodging        | 3 4 5 |  5.1
Poison Magic   | 1 2 3 |  3.6
Air Magic      | 2 3 |  3.0
Spellcasting   | 1 2 |  2.6
Conjurations   | 2 3 |  3.0
Fighting       | |  3.0

Action                   |  1- 3 |  4- 6 |  7- 9 || total
-------------------------+-------+-------+-------++-------
Melee: Short sword       |    18 |    53 |   140 ||   211
       Constrict         |     4 |     8 |    44 ||    56
       Tentacles         |     3 |     7 |    61 ||    71
       Punch             |       |     1 |     8 ||     9
       Dagger            |       |       |    68 ||    68
 Cast: Mephitic Cloud    |       |     1 |     3 ||     4
Invok: Curse Item        |       |       |     1 ||     1
Evoke: Wand              |       |       |     5 ||     5
  Use: Potion            |       |       |     4 ||     4
 Stab: Sleeping          |       |     8 |    24 ||    32
       Confused          |       |     1 |     2 ||     3
Armor: Skin              |       |     3 |     8 ||    11
Dodge: Dodged            |    12 |    34 |   131 ||   177
